 Dungeon Crawl Stone Soup version 0.30-a0-223-gcb0039aa0c (webtiles) character file.

Game seed: 12783828360204152497

606 qw the Chopper (level 7, 0/43 HPs)
             Began as a Gargoyle Fighter on Oct 9, 2022.
             Slain by Eustachio
             ... wielding a +4 rapier of venom
              (6 damage)
             ... on level 5 of the Dungeon.
             The game lasted 00:01:41 (3691 turns).

qw the Chopper (Gargoyle Fighter)                   Turns: 3691, Time: 00:01:41

Health: 0/43       AC: 15    Str: 21    XL:     7   Next: 42%
Magic:  7/7        EV:  4    Int:  9    God:
Gold:   241        SH:  5    Dex: 15    Spells: 6/6 levels left

rFire   . . .      SeeInvis .    Y - +0 war axe
rCold   . . .      Faith    .    c - +0 buckler
rNeg    + . .      Spirit   .    n - +0 chain mail
rPois   inf        Reflect  .    (no helmet)
rElec   +          Harm     .    (no cloak)
rCorr   .          Rampage  .    s - +0 pair of gloves
Will    .....                    (no boots)
Stlth   ..........               (no amulet)
HPRegen 0.27/turn                a - +6 ring of dexterity
MPRegen 0.10/turn                (no ring)

@: about to teleport, grasped by roots, constricted
A: sickness immunity, AC +4, negative energy resistance 1, electricity
resistance, torment resistance 1, petrification resistance
a: no special abilities


You were on level 5 of the Dungeon.
You visited 1 branch of the dungeon, and saw 5 of its levels.

You collected 241 gold pieces.


Innate Abilities, Weirdness & Mutations

You are immune to sickness and miasma.
Your stone body is resilient. (AC +4)
You are immune to poison.
You resist negative energy. (rN+)
You are resistant to electric shocks. (rElec)
You are resistant to unholy torment.
You are immune to petrification.


   Skills:
 - Level 4.1 Fighting
 + Level 6.8 Axes
 - Level 3.2 Armour
 - Level 1.0 Dodging
 - Level 3.2 Shields


You had 6 spell levels left.
You didn't know any spells.
Your spell library was empty.

Inventory:

Hand Weapons
 l - a +0 flail
 Y - a +0 war axe (weapon)
Missiles
 g - 8 boomerangs (quivered)
Armour
 c - a +0 buckler (worn)
 n - a +0 chain mail (worn)
 s - a +0 pair of gloves (worn)
Jewellery
 a - a +6 ring of dexterity (left hand)
 b - an amulet of the acrobat
Scrolls
 k - a scroll of teleportation
 q - 2 scrolls of identify
Potions
 d - 2 potions of might
 e - a potion of ambrosia {unknown}
 f - a potion of lignification {unknown}
 h - a potion of haste
 i - a potion of curing {unknown}
 j - a potion of degeneration {unknown}
 m - 2 potions of heal wounds {unknown}
 o - a potion of berserk rage {unknown}
 r - a potion of mutation {unknown}

Dungeon Overview and Level Annotations

Branches:
Dungeon (5/15)
 Temple: D:4-7

Altars:
Xom

Shops:
D:2 (   D:5 *

Annotations:
D:1 1 transporter
D:5 Eustachio


Message History

You hit the bat.
The bat is severely wounded.
You completely miss the quokka. You block the bat's attack.
Eustachio yells, "Perjured traitor, DIE!"
The quokka barely misses you. You block the bat's attack.
You hit the bat.
You kill the bat!
The bat's corpse disappears in a puff of smoke!
You closely miss the quokka. You block the quokka's attack.
The quokka closely misses you.
You closely miss the quokka. The quokka barely misses you.
You closely miss Eustachio.
Eustachio is heavily wounded.
You closely miss the quokka. The quokka bites you.
You block Eustachio's attack.
You barely miss Eustachio.
Eustachio is heavily wounded.
You closely miss the quokka.
The quokka bites you but does no damage.
Eustachio hits you with a +4 rapier of venom!
The quokka barely misses you.
You hit Eustachio but do no damage.
Eustachio is heavily wounded.
You barely miss the quokka.
Eustachio zaps a wand.
The roots erupt in riotous growth!
The grasping roots grab you!
Eustachio is unaffected.
The quokka is unaffected.
The grasping roots constrict you.
The quokka bites you but does no damage.
Eustachio mumbles some strange words.
The grasping roots constrict you.
The quokka bites you but does no damage.
3691 ||| READING 2 scrolls of teleportation.
As you read the scroll of teleportation, it crumbles to dust.
You feel strangely unstable. The quokka barely misses you.
Eustachio hits you with a +4 rapier of venom.
You die...

#.# # #.# #. #.# .##.#
...55# ....5# #.##@# #
#.##@# # #. #%##r#
##.#.##.##.# ........##.#
#.......#
##.####.###################
......#.####.#...#...#.#...
#.......##..#..#..#../#..
......#.#......#.#.#.....#.


You could see Eustachio, an iron imp (summoned), a white imp (summoned), a
shadow imp (summoned) and a quokka (summoned).

Vanquished Creatures
  A water moccasin (D:5)
  A centaur (D:5)
  A hound (D:5)
  2 orc priests (D:5)
  2 iguanas
  Ijyb (D:5)
  2 orc wizards
  3 gnolls (D:4)
  7 adders
  2 worms (D:2)
  A dart slug (D:4)
  21 orcs
  8 bats
  9 endoplasms
  A giant cockroach (D:1)
  4 goblins
  8 hobgoblins
  6 quokkas
  8 ball pythons
  2 frilled lizards (D:3)
  7 kobolds
  6 rats
  A butterfly (D:5)
104 creatures vanquished.

Notes
Turn   | Place    | Note
-------+----------+-------------------------------------------
     0 | D:1      | qw the Gargoyle Fighter began the quest for the Orb.
     0 | D:1      | Reached XP level 1. HP: 14/14 MP: 1/1
     0 | D:1      | 0 ||| qw: Version: 0.2-a-17-g06abaee
     0 | D:1      | 0 ||| qw: Game counter: 2239
     0 | D:1      | 0 ||| qw: Always use a shield: true
     0 | D:1      | 0 ||| qw: God list: Okawaru
     0 | D:1      | 0 ||| qw: Allow faded altars: false
     0 | D:1      | 0 ||| qw: Do Orc after D:15 true
     0 | D:1      | 0 ||| qw: Do second Lair branch before Depths: true
     0 | D:1      | 0 ||| qw: Lair rune preference: random
     0 | D:1      | 0 ||| qw: Plans: Normal, Zot:1-4, God:TSO, Crypt, Tomb,
                  | Pan, Slime:5, Hells, Abyss, Orb
     0 | D:1      | 0 ||| PLANNING D:1-11
    42 | D:1      | Reached skill level 2 in Axes
   121 | D:1      | Found a faded altar of an unknown god.
   138 | D:1      | Reached XP level 2. HP: 17/19 MP: 2/2
   469 | D:1      | 469 ||| READING scroll labelled WILASIF TENIG.
   470 | D:1      | 470 ||| READING scroll labelled LUZONESOKK.
   504 | D:2      | 504 ||| STAIRDANCE
   513 | D:2      | 513 ||| STAIRDANCE
   520 | D:1      | Reached skill level 3 in Axes
   573 | D:2      | 573 ||| STAIRDANCE
   591 | D:1      | Reached XP level 3. HP: 22/23 MP: 3/3
   598 | D:2      | 598 ||| STAIRDANCE
   626 | D:2      | Found Godghor's Weapon Emporium.
   650 | D:2      | 650 ||| UPGRADING to +6 ring of dexterity.
   704 | D:2      | Reached skill level 1 in Dodging
   802 | D:2      | Reached XP level 4. HP: 28/28 MP: 4/4
  1052 | D:2      | 1052 ||| READING 2 scrolls labelled WOIKEH MOLOI.
  1056 | D:2      | 1056 ||| READING scroll labelled IJAADW XITEIR ZAR.
  1134 | D:3      | 1134 ||| Stepping ~*~*~tactically~*~*~ (stealth).
  1136 | D:3      | 1136 ||| Stepping ~*~*~tactically~*~*~ (stealth).
  1138 | D:3      | 1138 ||| Stepping ~*~*~tactically~*~*~ (stealth).
  1155 | D:3      | Reached skill level 4 in Axes
  1181 | D:3      | 1181 ||| DROPPING +0 whip.
  1309 | D:3      | 1309 ||| Stepping ~*~*~tactically~*~*~ (stealth).
  1310 | D:3      | 1310 ||| Stepping ~*~*~tactically~*~*~ (stealth).
  1696 | D:3      | Reached XP level 5. HP: 32/32 MP: 5/5
  2089 | D:3      | 2089 ||| READING 2 scrolls labelled RIPIUR LUASE.
  2090 | D:3      | 2090 ||| READING scroll labelled FESHUNK IVVIAG.
  2091 | D:3      | 2091 ||| READING scroll labelled EPSIYX KEKK.
  2192 | D:3      | 2192 ||| DRINKING 2 bubbling silvery potions.
  2193 | D:3      | 2193 ||| DROPPING scroll of amnesia.
  2419 | D:4      | 2419 ||| Stepping ~*~*~tactically~*~*~ (stealth).
  2420 | D:4      | 2420 ||| Stepping ~*~*~tactically~*~*~ (stealth).
  2441 | D:4      | 2441 ||| Stepping ~*~*~tactically~*~*~ (stealth).
  2446 | D:4      | Reached skill level 5 in Axes
  2725 | D:4      | 2725 ||| Stepping ~*~*~tactically~*~*~ (stealth).
  2731 | D:4      | Reached XP level 6. HP: 38/38 MP: 6/6
  3044 | D:4      | 3044 ||| UPGRADING to +0 chain mail.
  3054 | D:4      | 3054 ||| DROPPING +0 scale mail.
  3055 | D:4      | 3055 ||| UPGRADING to +0 pair of gloves.
  3060 | D:4      | 3060 ||| READING scroll labelled AGILEG PESHEX.
  3096 | D:5      | Entered Level 5 of the Dungeon
  3113 | D:5      | Found Xoh Ymea's Overcharged Wands.
  3115 | D:5      | Noticed a water moccasin
  3116 | D:5      | 3116 ||| Stepping ~*~*~tactically~*~*~ (stealth).
  3118 | D:5      | 3118 ||| Stepping ~*~*~tactically~*~*~ (stealth).
  3125 | D:5      | Killed a water moccasin
  3130 | D:5      | Reached skill level 6 in Axes
  3130 | D:5      | Reached XP level 7. HP: 26/43 MP: 7/7
  3198 | D:5      | 3198 ||| SHOPLISTING wand of digging (11) (693 gold, have
                  | 191).
  3208 | D:5      | Noticed Ijyb
  3209 | D:5      | 3209 ||| Stepping ~*~*~tactically~*~*~ (hiding).
  3221 | D:5      | Killed Ijyb
  3585 | D:5      | Found a shimmering altar of Xom.
  3665 | D:5      | Noticed Eustachio
  3690 | D:5      | HP: 6/43 [constriction (6)]
  3691 | D:5      | 3691 ||| READING 2 scrolls of teleportation.
  3691 | D:5      | Slain by Eustachio

Levels and vault maps discovered:
D:1:      spicycebolla_arrival_risky_transporter, layout_rooms,
          ebering_ecumenical_altar_rust
D:2:      layout_rooms, serial_shops, shop
D:3:      layout_basic, serial_curves, eino_curves_04, eino_curves_02,
          eino_curves_01, eino_curves_02,
          nicolae_concentric_dashed_squares_wild, kennysheep_cluttered_room,
          minmay_distorted
D:4:      layout_gridville, minmay_misc_feat_five, kennysheep_generic_room_3
D:5:      layout_loops_cross, xom_butterflies, hangedman_decor_diamond_cutter,
          nicolae_shop_overcharged_wands, uniq_eustachio, uniq_ijyb

Skill      XL: |  1  2  3  4  5  6 |
---------------+-------------------+-----
Axes           | 2 3 4 5 6 |  6.8
Dodging        | 1 |  1.0
Fighting       | 4 |  4.1
Armour         | |  3.2
Shields        | |  3.2

Action                   |  1- 3 |  4- 6 |  7- 9 || total
-------------------------+-------+-------+-------++-------
Melee: War axe           |   107 |   167 |    69 ||   343
Throw: Boomerang         |    27 |    56 |     6 ||    89
  Use: Scroll            |     2 |     6 |     1 ||     9
       Potion            |       |     1 |       ||     1
 Stab: Distracted        |       |     1 |       ||     1
Armor: Scale mail        |    52 |    80 |       ||   132
       Chain mail        |       |    12 |    33 ||    45
Dodge: Dodged            |    43 |    83 |    28 ||   154
Block: Buckler           |    29 |    38 |    15 ||    82

Table legend:
 A = Non-vault XP
 B = Vault XP
 C = Vault XP percentage of total XP
 D = Non-vault monster count
 E = Vault monster count
 F = Vault count percentage of total count
                 A         B        C        D         E       F
            +---------+---------+-------+---------+---------+-------
      Total |     812 |      55 |   6.3 |      99 |       4 |   3.9
            +---------+---------+-------+---------+---------+-------
        D:1 |      34 |       0 |   0.0 |      21 |       0 |   0.0
        D:2 |      57 |       0 |   0.0 |      18 |       0 |   0.0
        D:3 |     107 |      15 |  12.3 |      26 |       2 |   7.1
        D:4 |     145 |       4 |   2.7 |      22 |       1 |   4.3
        D:5 |     469 |      36 |   7.1 |      12 |       1 |   7.7
            +---------+---------+-------+---------+---------+-------
